 Dungeon Crawl Stone Soup version 0.23.2-40-g277498a (webtiles) character file.

Game seed: 1450227903556988470

22 Kurtz the Cudgeler (level 2, 17/24 HPs)
             Began as a Mummy Chaos Knight on Sept 28, 2019.
             Was a Plaything of Xom.
             Quit the game on level 1 of the Dungeon.
             The game lasted 00:00:35 (505 turns).

Kurtz the Cudgeler (Mummy Chaos Knight)              Turns: 505, Time: 00:00:36

Health: 17/24      AC:  5    Str: 15    XL:     2   Next: 68%
Magic:  2/2        EV: 11    Int: 11    God:    Xom [....*.]
Gold:   5          SH:  0    Dex: 11    Spells: 1/1 levels left

rFire    x . .     SeeInvis .   a - +0 mace (chaos)
rCold    + . .     Gourm    .   (no shield)
rNeg     + + +     Faith    .   b - +2 leather armour
rPois    ∞         Spirit   .   (no helmet)
rElec    .         Reflect  .   (no cloak)
rCorr    .         Harm     .   (no gloves)
MR       .....                  (no boots)
Stlth    +.........             d - amulet of inaccuracy (curse)
HPRegen  0.08/turn              (no ring)
MPRegen  0.08/turn              (no ring)

@: about to teleport, hasted (expiring), very quick
A: no food or potions, fire vulnerability, cold resistance 1, negative energy
resistance 3, torment resistance, unbreathing
a: Renounce Religion


You were on level 1 of the Dungeon.
You worshipped Xom.
You were a beloved toy of Xom.
You were not hungry.

You visited 1 branch of the dungeon, and saw 1 of its levels.

You collected 5 gold pieces.

Inventory:

Hand Weapons
 a - a +0 mace of chaos (weapon)
Armour
 b - a +2 leather armour (worn)
Jewellery
 d - a cursed amulet of inaccuracy (around neck)


   Skills:
 - Level 3.0 Fighting
 * Level 3.3 Maces & Flails
 - Level 1.5 Armour
 - Level 0.7 Dodging


You had one spell level left.
You didn't know any spells.
Your spell library was empty.

Dungeon Overview and Level Annotations

Branches:
Dungeon (1/15)

Altars:
The Shining One


Innate Abilities, Weirdness & Mutations

You do not eat or drink.
Your flesh is vulnerable to fire.
You are immune to poison.
Your flesh is cold resistant. (rC+)
You are immune to negative energy. (rN+++)
You are immune to unholy pain and torment.
You can survive without breathing.


Message History

You barely miss the jackal.
The jackal is severely wounded.
The jackal closely misses you. The jackal barely misses you.
You closely miss the jackal.
The jackal is heavily wounded.
The jackal barely misses you.
You hit the jackal.
The jackal seems to slow down.
The jackal is heavily wounded.
The jackal is no longer moving slowly.
You hit the jackal.
You kill the jackal!
d - a triangular steel amulet Oops, that amulet feels deathly cold.
d - a cursed amulet of inaccuracy (around neck)
You start resting.
Your extra speed is starting to run out.
As you read the scroll labeled NONGAD OKKEE, it crumbles to dust.
You feel strangely unstable.
It was a scroll of teleportation.
Unknown command.
Are you sure you want to abandon this character and quit the game? (Confirm with "yes".)

#...........#
#.#########.# #.#
###†##### #.#
#.......#
#.#######.......#
#.##............#
#.##............#
#.##............#
#.##...@........#
#.##.....%........
#.##...............
#.##......#.#......
#.#########.#......
#.# ....... #.# .##
## #.# #.#


There were no monsters in sight!

Vanquished Creatures
  2 dart slugs (D:1)
  A giant cockroach (D:1)
  4 jackals (D:1)
  3 bats (D:1)
  2 frilled lizards (D:1)
  2 goblins (D:1)
  A kobold (D:1)
  3 rats (D:1)
18 creatures vanquished.

Vanquished Creatures (others)
  A kobold (D:1)
1 creature vanquished.

Grand Total: 19 creatures vanquished

Notes
Turn   | Place    | Note
-------+----------+-------------------------------------------
     0 | D:1      | Kurtz the Mummy Chaos Knight began the quest for the Orb.
     0 | D:1      | Reached XP level 1. HP: 18/18 MP: 1/1
    17 | D:1      | XOM: harmless Tmut miscast
    75 | D:1      | XOM: harmless Hex miscast
   269 | D:1      | Reached XP level 2. HP: 23/24 MP: 2/2
   354 | D:1      | Found a glowing golden altar of the Shining One.
   455 | D:1      | XOM: potion effect (haste)
   505 | D:1      | Quit the game

Skill      XL: |  1  2 |
---------------+-------+-----
Maces & Flails | 3 |  3.3
Fighting       | |  3.0
Armour         | |  1.5
Dodging        | |  0.7

Action                   || total
-------------------------++-------
Melee: Mace              ||    57
  Use: Scroll            ||     1
Armor: Leather armour    ||    33
Dodge: Dodged            ||    67
